 Dungeon Crawl Stone Soup version 0.27-a0-1184-ge86db4a01e (webtiles) character file.

Game seed: 11056742318431085045

30 Shayle the Chiller (level 3, -3/39 HPs)
             Began as a Demonspawn Ice Elementalist on May 18, 2021.
             Slain by Grinder (8 damage)
             ... on level 4 of the Dungeon.
             The game lasted 00:04:57 (1940 turns).

Shayle the Chiller (Demonspawn Ice Elementalist)    Turns: 1940, Time: 00:04:58

Health: -3/39      AC: 21    Str:  8    XL:     3   Next: 3%
Magic:  0/6        EV:  2    Int: 17    God:
Gold:   47         SH:  4    Dex: 13    Spells: 5/6 levels left

rFire    . . .     SeeInvis .   b - +1 whip
rCold    . . .     Faith    .   (no shield)
rNeg     + + +     Spirit   .   (armour currently unavailable)
rPois    +         Reflect  .   (helmet currently unavailable)
rElec    .         Harm     .   (cloak currently unavailable)
rCorr    .         Rampage  .   (gloves currently unavailable)
Will     .....     NoTele   +   (boots currently unavailable)
Stlth    ++........             (no amulet)
HPRegen  0.13/turn              (no ring)
MPRegen  0.10/turn              (no ring)

@: tree-form (expiring)
A: stationary, stasis, torment immunity, boosted hp, condensation shield
a: no special abilities


You were on level 4 of the Dungeon.
You were a tree.
You visited 1 branch of the dungeon, and saw 4 of its levels.

You collected 47 gold pieces.

Inventory:

Hand Weapons
 b - a +1 whip (weapon)
Armour
 a - a +0 robe (melded)
 c - a +1 pair of boots (melded)
 e - a +0 pair of gloves (melded)


   Skills:
 + Level 1.1 Fighting
 + Level 2.2 Dodging
 - Level 1.7 Stealth
 + Level 2.3 Spellcasting
 + Level 3.8 Ice Magic


You had 5 spell levels left.
You knew the following spells:

 Your Spells              Type           Power      Damage    Failure   Level
a - Freeze                Ice            60%        1d8       3%          1

Your spell library contained the following spells:

 Spells                   Type           Power      Damage    Failure   Level
 Frozen Ramparts          Ice            30%        1d5       12%         3
 Ozocubu's Armour         Ice            15%        N/A       12%         3
 Hailstorm                Conj/Ice       8%         3d4       63%         4
 Metabolic Englaciation   Hex/Ice        4%         N/A       93%         5


Dungeon Overview and Level Annotations

Branches:
Dungeon (4/15)
 Temple: D:4-7

Altars:
Yredelemnul

Annotations:
D:2 Terence
D:4 Grinder


Innate Abilities, Weirdness & Mutations

You are a tree.
Your roots penetrate the ground, keeping you stationary.
You cannot be teleported.
You are immune to unholy pain and torment.
Your maximum health is greatly increased.
Your equipment is partially melded.
A meltable shield of frost defends you. (SH +4)


Message History

Your transformation is almost over.
Grinder hits you.
* * * LOW HITPOINT WARNING * * *
Casting: Freeze (safe; 3% risk of failure)
Confirm with . or Enter, or press ? or * to list all spells.
Aiming: Freeze (safe; 3% risk of failure)
Press: ? - help, Shift-Dir - straight line, f/p - Grinder
Aim: Grinder (heavily wounded)
You freeze Grinder but do no damage.
Grinder completely resists.
Grinder hits you but does no damage.
Casting: Freeze (safe; 3% risk of failure)
Confirm with . or Enter, or press ? or * to list all spells.
You don't have enough magic to cast this spell.
Grinder completely misses you.
You cannot move.
You hit Grinder but do no damage.
Grinder is heavily wounded.
Grinder hits you.
* * * LOW HITPOINT WARNING * * *
You barely miss Grinder.
Grinder is heavily wounded.
Grinder blinks!
You cannot move.
Unknown command.
Grinder is nearby!
Grinder is nearby!
Casting: Freeze (safe; 3% risk of failure)
Confirm with . or Enter, or press ? or * to list all spells.
You can't see any susceptible monsters within range! (Use Z to cast anyway.)
Casting: Freeze (safe; 3% risk of failure)
Confirm with . or Enter, or press ? or * to list all spells.
Aiming: Freeze (safe; 3% risk of failure)
Press: ? - help, Shift-Dir - straight line, f/p - Grinder
Aim: Grinder (heavily wounded)
You freeze Grinder but do no damage.
Grinder completely resists.
Grinder hits you but does no damage.
You barely miss Grinder.
Grinder is heavily wounded.
Grinder hits you!
You die...

#.# #.# #.# #
#.##)##.
#######.......
#.......#
#.#####<#
#.##.#.#####.##
#......♣5......
####.#.#####.##
#.#.# #.# . #..
..# ## ### ###


You could see Grinder.

Vanquished Creatures
  An adder (D:2)
  3 ball pythons (D:1)
  An endoplasm (D:1)
  A goblin (D:1)
  2 hobgoblins
  2 kobolds
  6 bats
  2 frilled lizards
  A quokka zombie (D:3)
  3 rats (D:1)
22 creatures vanquished.

Notes
Turn   | Place    | Note
-------+----------+-------------------------------------------
     0 | D:1      | Shayle the Demonspawn Ice Elementalist began the quest for
                  | the Orb.
     0 | D:1      | Reached XP level 1. HP: 13/13 MP: 3/3
   309 | D:1      | Found a faded altar of an unknown god.
   586 | D:1      | Gained mutation: A meltable shield of frost defends you.
                  | (SH +4) [demonic ancestry]
   586 | D:1      | Reached XP level 2. HP: 10/20 MP: 5/5
  1590 | D:2      | Noticed Terence
  1623 | D:2      | Reached skill level 1 in Fighting
  1785 | D:3      | Reached XP level 3. HP: 26/26 MP: 4/6
  1869 | D:3      | Found a basalt altar of Yredelemnul.
  1895 | D:4      | Noticed Grinder
  1898 | D:4      | Paralysed by Grinder for 5 turns
  1910 | D:4      | Paralysed by Grinder for 4 turns
  1940 | D:4      | Slain by Grinder

Illustrated notes

Levels and vault maps discovered:
D:1:      dpeg_arrival_boxes_within_box, layout_basic,
          shapermc_ecumenical_altar_venn, minmay_tetromino_s4
D:2:      layout_loops_cross, uniq_sigmund, uniq_terence
D:3:      layout_basic, nicolae_yredelemnul_corpse_copse, lemuel_doored_altar
D:4:      layout_loops_cross, minmay_temple_entry_grid, uniq_grinder

Skill      XL: |  1  2 |
---------------+-------+-----
Dodging        | 2 |  2.2
Fighting       | 1 |  1.1
Stealth        | |  1.7
Spellcasting   | |  2.3
Ice Magic      | |  3.8

Action                   || total
-------------------------++-------
Melee: Whip              ||    64
 Cast: Freeze            ||    30
  Use: Scroll            ||     2
       Potion            ||     2
 Stab: Sleeping          ||     2
Armor: Robe              ||    22
       Skin              ||    19
Dodge: Dodged            ||    42
Block: Other             ||    18

Table legend: (Time is in decaauts)
 A = Elapsed time spent in this place.
 B = Non-inter-level travel time spent in this place.
 C = Inter-level travel time spent in this place.
 D = Time resting spent in this place.
 E = Time spent auto-exploring this place.
 F = Levels seen in this place.
 G = Mean time per level.
                   A        B        C        D        E       F      G
               +--------+--------+--------+--------+--------+-----+--------+
         Total |   1945 |   1906 |     39 |     31 |   1524 |   4 |  486.2 |
       Dungeon |   1945 |   1906 |     39 |     31 |   1524 |   4 |  486.2 |
               +--------+--------+--------+--------+--------+-----+--------+

Top non-repeatable levels by time:
     D:1: 1500 daAuts
     D:3: 202 daAuts
     D:2: 187 daAuts
     D:4: 55 daAuts
